 Dungeon Crawl Stone Soup version 0.24-a0-484-g962a3eeff7 (webtiles) character file.

Game seed: 8080591660668930550

57 DasRunzen the Skirmisher (level 3, -4/29 HPs)
             Began as a Demonspawn Fighter on July 9, 2019.
             Slain by an orc
             ... wielding a +2 morningstar of protection
              (7 damage)
             ... on level 2 of the Dungeon.
             The game lasted 00:00:53 (266 turns).

DasRunzen the Skirmisher (Demonspawn Fighter)        Turns: 266, Time: 00:00:53

Health: -4/29      AC:  6    Str: 17    XL:     3   Next: 73%
Magic:  3/3        EV:  9    Int:  9    God:
Gold:   36         SH:  6    Dex: 12    Spells: 2/2 levels left

rFire    . . .     SeeInvis .   a - +0 trident
rCold    . . .     Gourm    .   e - +2 buckler
rNeg     . . .     Faith    .   b - +0 scale mail
rPois    .         Spirit   .   (no helmet)
rElec    .         Reflect  .   (no cloak)
rCorr    .         Harm     .   (no gloves)
MR       .....                  (no boots)
Stlth    ..........             (no amulet)
HPRegen  0.09/turn              (no ring)
MPRegen  0.08/turn              (no ring)

@: no status effects
A: hooves 1
a: no special abilities


You were on level 2 of the Dungeon.
You were not hungry.

You visited 1 branch of the dungeon, and saw 2 of its levels.

You collected 36 gold pieces.

Inventory:

Hand Weapons
 a - a +0 trident (weapon)
Armour
 b - a +0 scale mail (worn)
 c - a +0 shield
 e - a +2 buckler (worn)
Potions
 d - a potion of might
Comestibles
 f - a ration


   Skills:
 + Level 3.4 Fighting
 + Level 2.3 Polearms
 + Level 3.1 Armour
 + Level 3.1 Shields


You had 2 spell levels left.
You didn't know any spells.
Your spell library was empty.

Dungeon Overview and Level Annotations

Branches:
Dungeon (1/15)

Altars:


Innate Abilities, Weirdness & Mutations

You have large cloven feet.


Message History

You hit the orc. You kick the orc, but do no damage.
The orc is severely wounded.
You block the orc's attack.
You closely miss the orc.
The orc is severely wounded.
The orc hits you with a +2 morningstar of protection!
* * * LOW HITPOINT WARNING * * *
You are too injured to fight recklessly!
You are too injured to fight recklessly!
You hit the orc. You kick the orc, but do no damage.
The orc is severely wounded.
The orc hits you with a +2 morningstar of protection.
* * * LOW HITPOINT WARNING * * *
You barely miss the orc.
The orc is severely wounded.
You block the orc's attack.
You barely miss the orc.
The orc is severely wounded.
The orc hits you with a +2 morningstar of protection!
You die...

#.##.##.## #.##.. ..
...#####.##.##.## .
.........##.##.###... ..
....^...................
.........##.#.####......
...####.###.#.# ..... ..
#.###.#.####...... .
#......).o@.#
#..##.[))##.# #<.......#
.# ##.##..... .. #
##.#..#### #.#...
......≈ ####.....


You could see an orc.

Vanquished Creatures
  An orc priest (D:2)
  A leopard gecko (D:2)
  3 orcs (D:2)
  2 goblins (D:1)
  4 hobgoblins
  3 jackals (D:2)
  A kobold (D:1)
  2 bats (D:1)
  3 frilled lizards
  3 rats (D:1)
23 creatures vanquished.

Vanquished Creatures (others)
  A rat (D:1)
1 creature vanquished.

Grand Total: 24 creatures vanquished

Notes
Turn   | Place    | Note
-------+----------+-------------------------------------------
     0 | D:1      | DasRunzen the Demonspawn Fighter began the quest for the
                  | Orb.
     0 | D:1      | Reached XP level 1. HP: 18/18 MP: 1/1
    30 | D:1      | Gained mutation: You have large cloven feet. [demonic
                  | ancestry]
    30 | D:1      | Reached XP level 2. HP: 20/24 MP: 2/2
    60 | D:1      | Noticed an ogre
    60 | D:1      | Noticed an ogre
    61 | D:1      | Noticed an ogre
    64 | D:1      | Noticed an ogre
   170 | D:1      | You fall into a shaft and drop 1 floor!
   245 | D:2      | Reached XP level 3. HP: 15/29 MP: 3/3
   266 | D:2      | Slain by an orc

Levels and vault maps discovered:
D:1:      erik_arrival_cave_to_civilisation [erik_arrival_cave_to_temple],
          layout_basic, lemuel_flame_loot_1
D:2:      cheibrodos_pilgrimage, layout_loops_cross

Skill      XL: |  1  2 |
---------------+-------+-----
Polearms       | 2 |  2.3
Armour         | 3 |  3.1
Shields        | 3 |  3.1
Fighting       | |  3.4

Action                   || total
-------------------------++-------
Melee: Trident           ||    78
       Kick              ||    10
Armor: Scale mail        ||    41
Dodge: Dodged            ||    29
Block: Shield            ||    17
       Buckler           ||    19

Table legend:
 A = Non-vault XP
 B = Vault XP
 C = Vault XP percentage of total XP
 D = Non-vault monster count
 E = Vault monster count
 F = Vault count percentage of total count
                 A         B        C        D         E       F
            +---------+---------+-------+---------+---------+-------
      Total |      29 |      53 |  64.6 |      17 |       6 |  26.1
            +---------+---------+-------+---------+---------+-------
        D:1 |      17 |       3 |  15.0 |      11 |       2 |  15.4
        D:2 |      12 |      50 |  80.6 |       6 |       4 |  40.0
            +---------+---------+-------+---------+---------+-------
